 Dungeon Crawl Stone Soup version 0.28-a0-1406-ga8dd43b1d0 (webtiles) character file.

Game seed: 7218025307871203718

7804 Lekart the Grappler (level 11, -1/89 HPs)
             Began as a Pale Draconian Fighter on Jan 6, 2022.
             Was an Elder of Wu Jian.
             Slain by a vampire mosquito (8 damage)
             ... on level 11 of the Dungeon.
             The game lasted 00:39:34 (14116 turns).

Lekart the Grappler (Pale Draconian Fighter)       Turns: 14116, Time: 00:39:34

Health: -1/89      AC: 10    Str: 18    XL:     11   Next: 1%
Magic:  12/12      EV: 14    Int: 10    God:    Wu Jian [****..]
Gold:   2052       SH:  5    Dex: 14    Spells: 10/12 levels left

rFire   . . .      SeeInvis .     - Unarmed
rCold   . . .      Faith    .   (no shield)
rNeg    . . .      Spirit   .   (armour unavailable)
rPois   .          Reflect  +   (helmet restricted)
rElec   .          Harm     .   f - +1 cloak
rCorr   .          Rampage  .   k - +0 pair of gloves
Will    .....                   (no boots)
Stlth   +++.......              l - amulet of reflection
HPRegen 0.24/turn               (no ring)
MPRegen 0.13/turn               (no ring)

@: short of breath
A: breathe steam, AC +7, unfitting armour, cold-blooded, steam resistance, frail
1, mutation resistance 1
a: Breathe Steam, Renounce Religion, Wall Jump, Serpent's Lash


You were on level 11 of the Dungeon.
You worshipped Wu Jian.
Wu Jian was greatly pleased with you.
You visited 1 branch of the dungeon, and saw 12 of its levels.
You also visited: Ossuary.

You collected 2052 gold pieces.

Inventory:

Hand Weapons
 a - a +1 spectral long sword
 o - a +2 broad axe of flaming
 y - a +0 scimitar of flaming
Missiles
 h - 38 poisoned darts (quivered)
 C - 6 javelins
Armour
 b - a +0 buckler
 f - a +1 cloak (worn)
 k - a +0 pair of gloves (worn)
Jewellery
 l - an amulet of reflection (around neck)
 s - a ring of protection from fire
Wands
 u - a wand of iceblast (6)
 x - a wand of flame (27)
Scrolls
 g - 5 scrolls of enchant armour
 j - a scroll of fear
 p - a scroll of fog
 t - a scroll of enchant weapon
 z - a scroll of identify
 A - a scroll of amnesia
Potions
 c - 4 potions of might
 d - a potion of haste
 e - 4 potions of heal wounds
 i - 3 potions of brilliance
 m - a potion of attraction
 n - 2 potions of flight
 q - a potion of lignification
 r - 4 potions of curing
 w - a potion of cancellation
 B - a potion of magic
 D - a potion of berserk rage
Miscellaneous
 v - a box of beasts


   Skills:
 * Level 9.6 Fighting
 - Level 2.5 Long Blades
 + Level 3.7 Throwing
 + Level 4.7 Dodging
 + Level 4.6 Stealth
 - Level 3.0 Shields
 + Level 12.3 Unarmed Combat
 + Level 1.2 Spellcasting
 + Level 1.3 Transmutations


You had 10 spell levels left.
You knew the following spells:

 Your Spells              Type           Power      Damage    Failure   Level
a - Wereblood             Tmut           3%         N/A       28%         2

Your spell library contained the following spells:

 Spells                   Type           Power      Damage    Failure   Level
 Pain                     Necr           0%         1d4       34%         1
 Slow                     Hex            0%         N/A       34%         1
 Ensorcelled Hibernation  Hex/Ice        0%         N/A       45%         2
 Sublimation of Blood     Necr           0%         N/A       45%         2
 Confusing Touch          Hex            0%         N/A       71%         3
 Tukima's Dance           Hex            0%         N/A       71%         3
 Vampiric Draining        Necr           0%         2d6       71%         3
 Agony                    Necr           0%         N/A       100%        5
 Excruciating Wounds      Necr           0%         N/A       100%        5
 Yara's Violent Unravell  Hex/Tmut       1%         3d3       100%        5
 Enfeeble                 Hex            0%         N/A       100%        7
 Summon Hydra             Summ           0%         N/A       100%        7


Dungeon Overview and Level Annotations

Branches:
Dungeon (12/15)            Temple (0/1) D:5         Ossuary (visited)
   Lair: D:8-11         Orc: D:9-12

Altars:
Uskayaw
Wu Jian

Shops:
D:3 [   D:5 (   D:7 *

Annotations:
D:3 exclusion: downstairs
D:4 exclusion: downstairs
D:12 Fannar, Kirke


Innate Abilities, Weirdness & Mutations

You can breathe blasts of scalding, opaque steam.
Your pale cyan-grey scales are hard. (AC +7)
You cannot fit into any form of body armour.
You are cold-blooded and may be slowed by cold attacks.
You are immune to the effects of steam.
You are frail. (-10% HP)
You are somewhat resistant to further mutation.


Message History

The vampire mosquito closely misses you. x2
The seven-headed hydra bites you.
* * * LOW HITPOINT WARNING * * *
The seven-headed hydra bites you but does no damage. x2
The seven-headed hydra bites you!
* * * LOW HITPOINT WARNING * * *
The seven-headed hydra bites you.
* * * LOW HITPOINT WARNING * * *
The seven-headed hydra closely misses you. x2
You climb upwards.
Found 15 sling bullets and a spear.
There is a stone staircase leading down here.
As you read the scroll of fear, it crumbles to dust.
You assume a fearsome visage.
The electric eel looks frightened!
The vampire mosquito is unaffected.
The seven-headed hydra looks frightened!
The vampire mosquito misses you. The vampire mosquito barely misses you.
You spin and attack the vampire mosquito.
You barely miss the vampire mosquito. The vampire mosquito misses you.
The vampire mosquito barely misses you.
You spin and attack the vampire mosquito.
You punch the vampire mosquito!
The vampire mosquito is heavily damaged.
The vampire mosquito bites you.
* * * LOW HITPOINT WARNING * * *
The vampire mosquito draws strength from your injuries!
The vampire mosquito closely misses you.
The vampire mosquito bites you.
* * * LOW HITPOINT WARNING * * *
The vampire mosquito draws strength from your injuries!
You see here 15 sling bullets.
Aiming: Breathe Steam (1% risk of failure)
Press: ? - help, Shift-Dir - straight line, f - vampire mosquito
Aim: a vampire mosquito (heavily damaged)
You exhale a blast of scalding steam.
The ball of steam hits the vampire mosquito!
The vampire mosquito is almost destroyed.
The vampire mosquito is engulfed in a cloud of scalding steam.
The vampire mosquito bites you!
You die...

####+########..
#...>§y@.......
#≈≈≈≈..).###.##...
≈≈≈≈≈≈≈≈≈≈≈ ≈#
≈≈≈≈≈≈≈≈≈≈≈≈≈ ≈≈
≈≈≈≈≈≈≈≈≈≈≈≈≈S≈≈≈
#≈≈≈≈≈≈≈≈≈≈≈≈.≈ ≈≈
≈≈#≈≈≈≈≈≈≈≈≈≈.# ≈
≈#.....≈≈≈≈≈#.#


You could see a vampire mosquito.

Vanquished Creatures
  Erolcha (D:9)
  Erica (D:8)
  Maggie (D:8)
  A komodo dragon (D:10)
  A troll (D:5)
  Sigmund (D:3)
  2 wyverns
  9 yaks (D:9)
  A shadow (D:9)
  2 steam dragons
  3 water moccasins
  An ice beast (D:7)
  4 orc warriors
  2 sky beasts
  A necrophage (D:5)
  2 ogres
  4 centaurs
  3 kobold brigands
  3 bullfrogs
  2 scorpions
  2 wyvern zombies
  A water moccasin zombie (D:6)
  A wyvern skeleton (D:6)
  A water moccasin skeleton (D:5)
  5 wights
  A howler monkey (D:8)
  3 centaur zombies
  2 orc priests
  A centaur skeleton (D:6)
  2 hounds (D:5)
  2 bullfrog skeletons
  2 gnoll shamans
  3 iguanas
  5 orc wizards
  A hound skeleton (D:5)
  4 howler monkey zombies
  8 mummies (Ossuary)
  16 gnolls
  5 adders
  3 shadow imps
  2 white imps
  3 ufetubi
  2 worms
  4 dart slugs
  27 orcs
  8 bats
  6 endoplasms
  8 giant cockroaches
  8 goblins
  10 hobgoblins
  4 jackals
  21 kobolds
  4 quokkas
  10 ball pythons
  9 frilled lizards
  2 gnoll zombies (Ossuary)
  5 hobgoblin zombies (Ossuary)
  A kobold zombie (Ossuary)
  6 rats
253 creatures vanquished.

Notes
Turn   | Place    | Note
-------+----------+-------------------------------------------
     0 | D:1      | Lekart the Draconian Fighter began the quest for the Orb.
     0 | D:1      | Reached XP level 1. HP: 19/19 MP: 1/1
   209 | D:1      | Reached XP level 2. HP: 27/27 MP: 2/2
   797 | D:1      | Found a faded altar of an unknown god.
   815 | D:1      | Prayed at the altar of an unknown god.
   815 | D:1      | Became a worshipper of the Wu Jian Council
   815 | D:1      | Reached * piety under Wu Jian
   923 | D:1      | Reached XP level 3. HP: 30/34 MP: 3/3
  1605 | D:2      | Reached ** piety under Wu Jian
  1753 | D:2      | Reached skill level 1 in Unarmed Combat
  1991 | D:2      | Gained mutation: You have a somewhat thin skeletal
                  | structure. (Dex +2, Stealth+) [potion of mutation]
  1991 | D:2      | Gained mutation: You have hidden genetic potential. [potion
                  | of mutation]
  2220 | D:2      | Reached XP level 4. HP: 36/41 MP: 4/4
  2772 | D:3      | Noticed Sigmund
  2802 | D:3      | Killed Sigmund
  2803 | D:3      | Reached skill level 5 in Fighting
  2803 | D:3      | Reached skill level 1 in Throwing
  2803 | D:3      | Reached skill level 3 in Unarmed Combat
  2803 | D:3      | Reached XP level 5. HP: 39/48 MP: 5/5
  2804 | D:3      | Gained mutation: You have a beak for a mouth. [hidden
                  | potential]
  3153 | D:3      | Reached XP level 6. HP: 55/56 MP: 6/6
  3263 | D:3      | Found Dielu's Antique Armour Shoppe.
  4177 | D:4      | Reached skill level 1 in Stealth
  4658 | D:4      | Gained mutation: You are strong-willed. (Will+) [hidden
                  | potential]
  4658 | D:4      | Lost mutation: You have hidden genetic potential. [hidden
                  | potential expressed]
  5025 | D:5      | Entered Level 5 of the Dungeon
  5068 | D:5      | Noticed a sky beast
  5289 | D:5      | Found a staircase to the Ecumenical Temple.
  5309 | D:5      | Reached skill level 4 in Unarmed Combat
  5309 | D:5      | Your scales start taking on a pale cyan-grey colour.
  5309 | D:5      | Reached XP level 7. HP: 54/61 MP: 7/7
  5309 | D:5      | Gained mutation: You are immune to the effects of steam.
                  | [Pale Draconian growth]
  5660 | D:5      | Reached skill level 5 in Unarmed Combat
  5832 | D:5      | Found a hide-covered altar of Uskayaw.
  5900 | D:5      | Found Igylabok's Weapon Shop.
  6004 | D:5      | Noticed a troll
  6879 | D:4      | Reached XP level 8. HP: 47/70 MP: 8/8
  7011 | D:5      | Reached skill level 6 in Unarmed Combat
  7122 | D:5      | Reached *** piety under Wu Jian
  7283 | D:5      | Killed a troll
  7289 | D:5      | Reached skill level 7 in Unarmed Combat
  7741 | D:6      | Reached skill level 8 in Unarmed Combat
  7930 | D:6      | Reached XP level 9. HP: 46/79 MP: 9/9
  8249 | D:6      | Lost mutation: You have a somewhat thin skeletal structure.
                  | (Dex +2, Stealth+) [potion of mutation]
  8249 | D:6      | Lost mutation: You are strong-willed. (Will+) [potion of
                  | mutation]
  8249 | D:6      | Lost mutation: You have a beak for a mouth. [potion of
                  | mutation]
  8249 | D:6      | Gained mutation: You are frail. (-10% HP) [potion of
                  | mutation]
  8249 | D:6      | Gained mutation: You are somewhat resistant to further
                  | mutation. [potion of mutation]
  8604 | D:7      | Identified a scroll of acquirement
  8604 | D:7      | Acquired 1245 gold pieces
  8621 | D:7      | Found Xifa's Assorted Antiques.
  8927 | D:7      | Reached skill level 9 in Unarmed Combat
 10475 | D:8      | Found a sand-covered staircase.
 10479 | Ossuary  | Entered an ossuary
 10516 | Ossuary  | Reached **** piety under Wu Jian
 11241 | D:8      | Reached skill level 10 in Unarmed Combat
 11273 | D:8      | Noticed Maggie
 11287 | D:8      | Killed Maggie
 11439 | D:8      | Noticed Erica
 11472 | D:8      | Killed Erica
 11473 | D:8      | Reached XP level 10. HP: 47/80 MP: 10/10
 12054 | D:8      | Reached skill level 11 in Unarmed Combat
 12338 | D:9      | Noticed Erolcha
 12471 | D:9      | Killed Erolcha
 12631 | D:9      | Learned a level 2 spell: Wereblood
 13052 | D:9      | Reached skill level 12 in Unarmed Combat
 13052 | D:9      | Reached skill level 1 in Transmutations
 13212 | D:9      | Reached skill level 1 in Spellcasting
 13703 | D:10     | Entered Level 10 of the Dungeon
 13845 | D:10     | Reached XP level 11. HP: 36/87 MP: 12/12
 14073 | D:10     | You fall into a shaft and drop 2 floors!
 14073 | D:12     | Noticed Kirke
 14073 | D:12     | Noticed a seven-headed hydra
 14075 | D:12     | Noticed Fannar
 14093 | D:12     | Noticed a deep elf pyromancer
 14116 | D:11     | Slain by a vampire mosquito

Illustrated notes

Levels and vault maps discovered:
D:1:      erik_arrival_triangle_small, layout_basic,
          dreamdust_ecumenical_altar_statues
D:2:      layout_rooms, minmay_heptomino_d4
D:3:      layout_basic, serial_shops, shop, chequers_serial_rivers_micro_e,
          uniq_sigmund
D:4:      layout_basic, nicolae_figureground_sparkle
D:5:      minmay_clustersquares, layout_rooms, amcnicky_altar_gilded,
          minmay_temple_entry_nine_rooms, serial_shops,
          nicolae_shop_bloodbath_and_beyond, hangedman_decor_points,
          dk_noncrumbling_4
D:6:      layout_loops_ring, serial_bayou_pond_d
D:7:      layout_basic, enter_bailey_7, serial_shops, shop
D:8:      layout_cave_pools, nicolae_ossuary_entry_plus, uniq_maggie, uniq_erica
D:9:      minmay_general_purpose_star, layout_long_grid, minivault_25,
          nicolae_underground_beach, uniq_erolcha
D:10:     layout_stronghold, minmay_orc_entry_temple_small
D:11:     layout_basic, david_lair_generic
D:12:     minmay_the_grid_triangle_9x9_rhombus_thin
          [minmay_the_grid_triangle_9x9_limited_checkers,
          minmay_the_grid_triangle_9x9_prize_special,
          minmay_the_grid_triangle_9x9_corrupted_corridor,
          minmay_the_grid_triangle_9x9_thin_v], layout_cross, uniq_frances,
          uniq_nessos, uniq_fannar, uniq_kirke

Skill      XL: |  1  2  3  4  5  6  7  8  9 10 |
---------------+-------------------------------+-----
Fighting       | 4 5 6 7 8 9 |  9.6
Unarmed Combat | 1 3 4 5 8 10 12 | 12.3
Throwing       | 1 3 |  3.7
Stealth        | 1 2 3 4 |  4.6
Dodging        | 3 4 |  4.7
Transmutations | 1 |  1.3
Spellcasting   | 1 |  1.2
Long Blades    | |  2.5
Shields        | |  3.0

Action                   |  1- 3 |  4- 6 |  7- 9 | 10-12 || total
-------------------------+-------+-------+-------+-------++-------
Melee: Long sword        |    63 |       |       |       ||    63
       Tailslap          |    31 |    20 |    72 |    21 ||   144
       Unarmed           |   178 |   209 |   414 |   170 ||   971
       Punch             |     2 |     5 |    23 |    11 ||    41
       Peck              |       |    30 |    51 |       ||    81
Throw: Dart              |       |    88 |    12 |    10 ||   110
 Cast: Wereblood         |       |       |       |     6 ||     6
Invok: Lunge             |    12 |    12 |    17 |    13 ||    54
       Whirlwind         |     3 |     4 |   130 |    45 ||   182
       Serpent's Lash    |       |       |     1 |       ||     1
 Abil: Wall Jump         |     3 |    11 |    43 |     8 ||    65
       Breathe Steam     |       |       |    15 |     7 ||    22
  Use: Potion            |     3 |     1 |     3 |       ||     7
       Scroll            |     4 |     3 |    13 |     6 ||    26
 Stab: Distracted        |     1 |       |       |       ||     1
       Sleeping          |       |     2 |     4 |       ||     6
Armor: Skin              |    78 |    58 |   101 |    22 ||   259
Dodge: Dodged            |   153 |    92 |   200 |    70 ||   515
Block: Buckler           |    21 |       |       |       ||    21
       Other             |       |    40 |    76 |    21 ||   137
       Reflection        |       |     4 |     2 |       ||     6

Table legend: (Time is in decaauts)
 A = Elapsed time spent in this place.
 B = Non-inter-level travel time spent in this place.
 C = Inter-level travel time spent in this place.
 D = Time resting spent in this place.
 E = Time spent auto-exploring this place.
 F = Levels seen in this place.
 G = Mean time per level.
                   A        B        C        D        E       F      G
               +--------+--------+--------+--------+--------+-----+--------+
         Total |  14141 |  13796 |    345 |   4847 |   6202 |  13 | 1087.8 |
       Dungeon |  13375 |  13030 |    345 |   4365 |   6149 |  12 | 1114.6 |
       Ossuary |    766 |    766 |      0 |    482 |     53 |   1 |  766.0 |
               +--------+--------+--------+--------+--------+-----+--------+

Top non-repeatable levels by time:
     D:3: 1965 daAuts
     D:5: 1677 daAuts
     D:4: 1544 daAuts
     D:7: 1508 daAuts
     D:2: 1348 daAuts
     D:6: 1268 daAuts
     D:9: 1250 daAuts
     D:8: 1231 daAuts
     D:1: 1168 daAuts
 Ossuary: 766 daAuts
    D:10: 369 daAuts
    D:12: 37 daAuts
    D:11: 4 daAuts
